Map: Disco Bloodbath LE

Players

GOReynor (Reynor) - Winner!

  • Race: Zerg Zerg
  • League: Master
  • Spawn Location: 3:00

Harstem

  • Race: Protoss Protoss
  • League: Grandmaster
  • Spawn Location: 9:00

Event: HomeStory Cup XX

VOD

Have the link to the VOD?

Description

Time

  • Played on: Nov. 21, 2019, 12:40 p.m.
  • Length: 17:42

All games in this series

Show
View Real Time Build Order
Export as new Build Order

GOReynor Zerg - Winner!

Build Orders: Hatch First, Lurkers 

Get SALT Encoding   

  12  0:00  Drone  
  13  0:12  Overlord  
  13  0:17  Drone  
  14  0:30  Drone x2  
  16  0:46  Hatchery  
  15  0:50  Drone  
  15  0:55  Drone  
  17  0:58  Drone  
  18  1:09  Extractor  
  17  1:13  Spawning Pool  
  17  1:15  Drone  
  17  1:19  Drone  
  18  1:27  Drone  
  19  1:38  Drone  
  20  1:49  Overlord  
  20  1:58  Drone  
  20  2:00  Queen x2, Drone  
  26  2:10  Drone x2  
  28  2:21  Hatchery  
  27  2:23  Zergling x2  
  27  2:25  Drone  
  29  2:31  Metabolic Boost  
  29  2:33  Drone  
  29  2:35  Drone  
  31  2:43  Zergling x2  
  32  2:44  Queen  
  32  2:49  Overlord  
  34  2:52  Drone  
  34  2:54  Drone  
  36  3:05  Overlord  
  36  3:09  Drone x3  
  36  3:10  Drone  
  40  3:16  Overlord  
  40  3:23  Queen  
  40  3:24  Spore Crawler  
  40  3:25  Drone x2  
  43  3:27  Drone  
  43  3:33  Zergling x2  
  45  3:36  Zergling x2  
  45  3:38  Drone  
  45  3:39  Spore Crawler  
  46  3:43  Zergling x2  
  46  3:44  Drone  
  46  3:45  Drone x2  
  46  3:46  Queen  
  52  3:50  Overlord  
  52  3:51  Drone  
  54  3:55  Drone  
  54  3:56  Spore Crawler  
  54  3:57  Drone  
  54  3:59  Drone  
  54  4:02  Drone x2  
  57  4:04  Drone  
  57  4:10  Drone  
  57  4:12  Drone  
  59  4:19  Drone x4  
  59  4:20  Roach Warren  
  59  4:23  Lair  
  62  4:26  Drone x3  
  62  4:29  Overlord  
  65  4:36  Zergling x4, Evolution Chamber  
  65  4:38  Drone  
  65  4:39  Overlord  
  65  4:42  Overlord  
  65  4:44  Extractor  
  65  4:45  Extractor, Drone x2  
  64  4:47  Overlord  
  65  4:54  Drone  
  65  4:55  Drone x6  
  65  4:56  Drone  
  72  5:00  Drone x2  
  72  5:01  Drone  
  72  5:02  Drone  
  72  5:04  Drone  
  75  5:07  Zerg Missile Weapons Level 1  
  75  5:10  Zergling x4  
  77  5:15  Drone x3  
  77  5:16  Extractor  
  77  5:17  Overlord  
  85  5:21  Roach x3  
  85  5:22  Roach  
  85  5:27  Extractor  
  86  5:28  Extractor, Overseer  
  86  5:29  Overlord  
  86  5:31  Roach  
  86  5:32  Drone  
  88  5:36  Drone x3  
  88  5:39  Drone  
  88  5:42  Hydralisk Den  
  90  5:43  Zergling x2  
  90  5:44  Zergling x2  
  90  5:48  Zergling x6  
  90  5:49  Drone x2  
  97  5:57  Overlord  
  97  6:00  Hatchery, Pneumatized Carapace  
  96  6:06  Overlord  
  96  6:15  Drone x2  
  96  6:17  Infestation Pit, Drone, Evolution Chamber  
  97  6:19  Lurker Den, Hydralisk x3  
  97  6:21  Zergling x2  
  97  6:22  Zergling x10  
  97  6:23  Hydralisk  
  97  6:24  Zergling x2  
  107  6:26  Hydralisk  
  107  6:27  Zergling x2  
  107  6:30  Drone  
  106  6:32  Hydralisk  
  106  6:36  Drone x2  
  108  6:40  Drone x2  
  108  6:42  Muscular Augments, Overlord  
  108  6:43  Zerg Ground Armor Level 1  
  108  6:46  Drone x2  
  108  6:47  Drone  
  113  6:50  Overseer  
  113  6:52  Drone x3  
  116  6:56  Hive  
  116  6:58  Hydralisk  
  118  7:03  Hydralisk  
  118  7:06  Zergling x4  
  122  7:09  Hydralisk  
  122  7:13  Roach x3  
  122  7:14  Drone x2  
  129  7:20  Zerg Missile Weapons Level 2  
  129  7:21  Zergling x4  
  128  7:23  Roach x2  
  128  7:27  Overlord  
  128  7:29  Lurker  
  131  7:30  Zergling x6  
  131  7:31  Overlord  
  131  7:32  Hydralisk  
  131  7:36  Overlord  
  136  7:39  Extractor  
  136  7:40  Extractor, Overlord  
  136  7:42  Overlord  
  136  7:43  Drone x2  
  136  7:48  Drone x2  
  136  7:49  Drone x3  
  141  7:51  Overlord  
  141  7:53  Queen  
  141  7:56  Hydralisk x5  
  152  8:03  Glial Reconstitution  
  152  8:04  Grooved Spines  
  152  8:05  Lurker  
  153  8:06  Roach  
  153  8:07  Zergling x8  
  153  8:11  Drone  
  160  8:13  Spore Crawler, Seismic Spines  
  160  8:15  Lurker, Overlord  
  160  8:16  Hydralisk  
  162  8:21  Lurker  
  162  8:24  Drone  
  164  8:30  Overlord  
  164  8:32  Lurker  
  165  8:35  Hatchery  
  165  8:38  Lurker  
  165  8:41  Roach x3  
  165  8:42  Roach  
  165  8:43  Zergling x10  
  165  8:46  Hydralisk  
  165  8:47  Hydralisk  
  182  8:52  Roach x5  
  182  8:53  Overlord  
  190  9:04  Overlord  
  190  9:07  Lurker x2  
  189  9:11  Hydralisk x4  
  189  9:13  Zergling x12  
  189  9:15  Hydralisk  
  179  9:18  Hydralisk  
  179  9:19  Zergling x2  
  181  9:26  Drone x6  
  181  9:27  Drone  
  181  9:28  Adaptive Talons  
  181  9:29  Overlord  
  188  9:31  Drone x2  
  188  9:38  Roach x2  
  193  9:41  Zerg Missile Weapons Level 3  
  193  9:42  Lurker  
  194  9:47  Hydralisk x2  
  195  9:59  Extractor  
  193  10:00  Extractor  
  193  10:05  Drone x8  
  193  10:06  Spire x2  
  198  10:10  Hydralisk  
  189  10:14  Hydralisk  
  189  10:15  Zergling x20  
  189  10:20  Lurker x3  
  197  10:26  Roach x5  
  199  10:29  Zergling x4  
  199  10:30  Zergling x2, Hydralisk  
  199  10:31  Zergling x4  
  197  10:36  Zergling x2, Hydralisk  
  197  10:41  Hydralisk x3  
  200  10:45  Overlord  
  198  10:52  Hydralisk  
  198  10:53  Zergling x2  
  198  11:01  Lurker  
  198  11:15  Lurker x2  
  196  11:30  Zerg Flyer Weapons Level 1, Zerg Flyer Armor Level 1  
  193  11:32  Lurker x2  
  193  11:33  Lurker x2  
  195  11:46  Hydralisk x3  
  199  11:47  Spore Crawler  
  199  11:48  Spore Crawler x2  
  199  11:49  Spore Crawler  
  199  11:53  Drone x3  
  193  12:05  Hydralisk x3  
  197  12:13  Queen  
  199  12:15  Spore Crawler  
  199  12:16  Spore Crawler  
  199  12:19  Zerg Ground Armor Level 2  
  199  12:20  Queen  
  197  12:31  Drone x3  
  197  12:35  Overseer  
  198  12:48  Viper x3  
  183  12:56  Corruptor x11  
  195  13:00  Drone x4  
  195  13:01  Overseer  
  199  13:06  Spore Crawler  
  199  13:10  Spore Crawler  
  199  13:11  Overseer  
  199  13:12  Corruptor  
  199  13:19  Overseer  
  192  13:32  Hydralisk x8  
  196  13:37  Zergling x20  
  196  13:38  Corruptor  
  196  13:39  Corruptor x3  
  196  13:40  Queen  
  183  13:42  Extractor  
  183  13:45  Overseer x2  
  183  13:46  Hydralisk x3  
  188  13:50  Spore Crawler  
  188  13:51  Spore Crawler, Drone x3  
  188  13:52  Spore Crawler x2  
  188  13:53  Hydralisk x2  
  188  13:54  Spore Crawler  
  190  13:55  Spore Crawler  
  190  13:57  Zerg Flyer Armor Level 2  
  184  14:09  Hydralisk x6  
  182  14:11  Zergling x8  
  182  14:17  Queen  
  194  14:20  Drone x4  
  194  14:21  Queen  
  194  14:25  Hydralisk  
  194  14:31  Hydralisk x3  
  194  14:35  Extractor  
  194  14:36  Queen, Drone x4  
  199  14:38  Hydralisk  
  199  14:44  Drone x4  
  197  14:50  Zergling x2, Hydralisk  
  200  14:57  Zerg Flyer Weapons Level 2  
  200  15:05  Hatchery  
  199  15:10  Lurker  
  198  15:30  Spine Crawler  
  198  15:31  Spine Crawler  
  198  15:32  Spine Crawler  
  198  15:35  Spine Crawler  
  192  15:40  Corruptor x7  
  183  15:57  Hydralisk x6  
  183  15:58  Zergling x18  
  183  16:00  Corruptor  
  198  16:16  Corruptor  
  200  16:24  Pathogen Glands  
  191  16:54  Corruptor x4  
  191  17:00  Hatchery  
  191  17:01  Overseer  
  197  17:09  Drone x2  
Show
View Real Time Build Order
Export as new Build Order

Harstem Protoss 

Build Orders: 1 Gate Expand, Oracle Opening, Archon Immortal, Carriers 

Get SALT Encoding   

  12  0:01  Probe  
  13  0:13  Probe  
  14  0:18  Pylon  
  14  0:24  Probe  
  15  0:28  Assimilator  
  15  0:32  Probe  
  15  0:40  Probe  
  16  0:47  Gateway  
  17  0:51  Probe  
  18  1:03  Probe  
  19  1:15  Probe  
  20  1:22  Nexus  
  20  1:34  Cybernetics Core  
  20  1:35  Probe  
  21  1:41  Assimilator  
  22  1:47  Probe  
  22  1:50  Pylon  
  22  1:59  Probe  
  23  2:01  Adept  
  23  2:08  Probe  
  23  2:12  Stargate  
  26  2:16  Probe  
  26  2:20  Warp Gate  
  26  2:21  Stalker  
  27  2:25  Probe  
  28  2:34  Probe  
  31  2:38  Probe  
  32  2:47  Probe  
  32  2:50  Oracle, Probe  
  37  2:59  Probe  
  37  3:02  Probe  
  39  3:08  Pylon  
  39  3:11  Probe  
  40  3:14  Probe  
  40  3:17  Robotics Facility  
  41  3:26  Probe  
  42  3:27  Probe  
  42  3:32  Nexus  
  43  3:35  Oracle  
  43  3:38  Pylon, Probe  
  43  3:39  Probe  
  48  3:50  Probe  
  48  3:51  Assimilator  
  48  3:53  Probe  
  50  3:56  Gateway  
  50  4:02  Probe  
  51  4:04  Observer  
  51  4:05  Probe  
  53  4:12  Gateway  
  53  4:14  Probe  
  54  4:18  Probe  
  54  4:19  Assimilator  
  54  4:22  Pylon, Immortal  
  55  4:27  Probe  
  60  4:35  Sentry  
  62  4:40  Forge, Probe  
  62  4:42  Twilight Council  
  63  4:46  Probe  
  63  4:48  Pylon  
  63  4:49  Probe  
  65  4:53  Pylon, Probe  
  65  4:55  Sentry, Protoss Ground Weapons Level 1  
  65  4:59  Probe  
  69  5:01  Charge, Probe  
  69  5:05  Sentry, Probe  
  73  5:11  Probe  
  73  5:12  Zealot  
  73  5:13  Probe  
  77  5:15  Pylon  
  77  5:17  Probe  
  78  5:23  Probe  
  78  5:25  Probe  
  80  5:29  Probe, Gateway  
  80  5:33  Gateway  
  80  5:35  Probe  
  82  5:37  Probe  
  82  5:41  Probe  
  82  5:42  Gateway  
  84  5:43  Gateway  
  84  5:47  Probe  
  84  5:48  Gateway  
  84  5:49  Probe, Phoenix  
  86  5:53  Probe  
  86  5:55  Templar Archives  
  87  6:01  Assimilator  
  87  6:03  Pylon, Assimilator  
  91  6:06  Warp Prism  
  91  6:07  Probe  
  91  6:10  Probe  
  93  6:16  Probe  
  94  6:18  Photon Cannon  
  94  6:20  Pylon  
  94  6:32  Warp Prism  
  94  6:33  Zealot x5  
  104  6:40  Gateway  
  104  6:41  Protoss Ground Weapons Level 2, Gateway  
  104  6:47  High Templar x2  
  108  6:52  High Templar  
  108  6:53  Archon  
  108  6:54  High Templar, Zealot x4  
  114  6:57  Pylon  
  114  6:59  Pylon, Archon  
  122  7:12  Psionic Storm  
  122  7:17  Probe  
  122  7:21  High Templar x2  
  127  7:24  Pylon  
  127  7:28  Pylon, Probe, Nexus  
  128  7:30  High Templar  
  128  7:33  Probe x2  
  128  7:36  Pylon  
  128  7:37  Zealot x3  
  136  7:38  Pylon  
  138  7:44  Pylon  
  138  7:46  Pylon  
  138  7:47  Immortal  
  138  7:53  Pylon  
  138  8:01  Probe  
  138  8:04  High Templar  
  138  8:05  High Templar, Zealot x4, Robotics Facility  
  153  8:09  Probe  
  153  8:10  Pylon  
  156  8:13  Immortal  
  156  8:23  Probe  
  161  8:29  High Templar  
  161  8:30  High Templar, Zealot  
  167  8:36  Photon Cannon  
  167  8:37  Zealot x3  
  167  8:38  Archon  
  173  8:42  Photon Cannon  
  173  8:43  Assimilator x2  
  173  8:56  Zealot x5  
  173  8:58  Zealot x3  
  173  8:59  Zealot x5  
  173  9:02  Zealot x2  
  189  9:08  Immortal  
  162  9:17  Immortal  
  162  9:21  Zealot x3  
  162  9:22  High Templar, Zealot x2  
  181  9:24  Probe  
  181  9:28  Protoss Ground Weapons Level 3  
  181  9:30  High Templar x2  
  185  9:40  Immortal  
  185  9:42  Fleet Beacon  
  185  9:44  Stargate  
  185  9:56  Immortal  
  187  10:18  Warp Prism  
  187  10:20  Zealot x7  
  199  10:30  Mothership  
  175  10:36  Immortal  
  175  10:39  Zealot x3  
  159  10:44  Carrier  
  159  10:47  Carrier  
  159  10:48  High Templar x2  
  177  10:52  Zealot x3  
  177  10:55  Immortal, Archon  
  177  10:56  Protoss Air Weapons Level 1  
  191  11:10  Photon Cannon  
  189  11:27  Probe x3  
  192  11:35  High Templar x2  
  192  11:38  Stargate  
  192  11:39  Probe  
  195  11:43  Warp Prism  
  195  11:44  Nexus  
  193  11:48  High Templar  
  193  11:53  Carrier  
  197  12:05  Carrier  
  187  12:10  Probe  
  187  12:12  Pylon, Warp Prism, Photon Cannon  
  194  12:16  Photon Cannon  
  196  12:28  Photon Cannon  
  196  12:41  Zealot x2  
  195  13:01  Zealot  
  197  13:10  Stargate  
  197  13:12  High Templar x2  
  195  13:15  Stargate  
  195  13:18  Pylon  
  195  13:33  Protoss Air Weapons Level 2  
  182  13:40  Zealot x8  
  192  13:44  Carrier  
  194  14:03  Carrier  
  189  14:13  Carrier  
  189  14:16  Void Ray  
  191  14:22  Mothership  
  191  14:23  Zealot x6  
  191  14:24  Zealot, Carrier  
  183  14:34  High Templar x2  
  183  14:35  Probe  
  183  14:36  Probe  
  189  14:40  Archon  
  179  14:48  High Templar x2  
  179  14:50  High Templar x4  
  179  14:51  High Templar  
  199  14:54  Archon x2  
  199  15:01  Protoss Shields Level 1  
  199  15:04  Nexus  
  199  15:08  Observer, Photon Cannon  
  199  15:09  Shield Battery  
  199  15:11  Void Ray  
  199  15:12  Pylon  
  200  15:15  Assimilator  
  200  15:18  Assimilator, Pylon  
  200  15:19  Photon Cannon x2  
  192  15:21  Void Ray  
  192  15:26  Photon Cannon  
  200  15:29  Photon Cannon  
  200  15:31  Photon Cannon  
  200  15:37  Oracle  
  200  15:41  Oracle  
  198  15:45  Zealot x2  
  200  15:56  High Templar x3  
  176  16:02  Archon, High Templar x2  
  176  16:03  High Templar  
  182  16:08  Probe  
  182  16:09  Zealot x2  
  182  16:12  Observer, Archon  
  182  16:13  Archon  
  182  16:15  Archon  
  182  16:16  Archon  
  182  16:20  Void Ray  
  182  16:24  Probe  
  182  16:25  Probe  
  188  16:32  High Templar x2  
  189  16:33  Zealot  
  189  16:34  Zealot  
  189  16:39  Probe x2  
  193  16:44  Oracle  
  187  16:50  Photon Cannon  
  187  16:51  Pylon  
  185  16:55  Oracle  
  185  16:56  Zealot x4  
  196  17:08  High Templar  
  198  17:17  High Templar  
Tags
 
Add a new tag
Caveats
  • Supply blocks, unpowered buildings, or Contaminate may cause inaccurate times.
  • Supply counts are checked every 10 seconds.